 Dungeon Crawl Stone Soup version 0.21.0-3-g78d12a8 (webtiles) character file.

51 oplop the Ducker (level 3, -5/15 HPs)
             Began as a Felid Transmuter on Jan 11, 2018.
             Slain by a worm (9 damage)
             ... on level 2 of the Dungeon.
             The game lasted 00:02:33 (1445 turns).

oplop the Ducker (Felid Transmuter)                 Turns: 1445, Time: 00:02:34

Health: -5/15      AC:  1    Str:  7    XL:     3   Next: 57%
Magic:  7/7        EV: 19    Int: 14    God:
Gold:   91         SH:  0    Dex: 16    Spells: 6/7 levels left
                                        Lives:  0   Deaths: 0

rFire    . . .     SeeInvis +     - Unarmed
rCold    . . .     Gourm    .   (shield unavailable)
rNeg     . . .     Faith    .   (armour unavailable)
rPois    .         Spirit   .   (helmet unavailable)
rElec    .         Reflect  .   (cloak unavailable)
rCorr    .         Harm     .   (gloves unavailable)
MR       .....                  (boots unavailable)
Stlth    ++........             (no amulet)
HPRegen  0.05/turn              (no ring)
MPRegen  0.10/turn              (no ring)

@: quick
A: very small, no armour, no weapons or thrown items, stealth, claws 1, fangs 3,
see invisible, carnivore, speed 1, shaggy fur 1, slow metabolism 1, sharp paws
a: no special abilities


You were on level 2 of the Dungeon.
You were full.

You visited 1 branch of the dungeon, and saw 2 of its levels.

You collected 91 gold pieces.

Inventory:

Missiles
 a - 41 arrows
Scrolls
 e - 3 scrolls of teleportation {unknown}
 h - 3 scrolls of identify {unknown}
 i - a scroll of enchant weapon {unknown}
Potions
 d - 3 potions of haste {unknown}
 f - a potion of brilliance {unknown}
 g - a potion of degeneration {unknown}
 j - a potion of magic {unknown}
Books
 b - a book of Changes

   Spells                             Type                      Level
   a - Beastly Appendage              Transmutation                1
   b - Sticks to Snakes               Transmutation                2
   c - Spider Form                    Transmutation/Poison         3
   d - Ice Form                       Ice/Transmutation            4
   e - Blade Hands                    Transmutation                5
Comestibles
 c - 3 rations


   Skills:
 - Level 1.0 Fighting
 + Level 3.5 Dodging
 - Level 3.0 Unarmed Combat
 + Level 2.5 Spellcasting
 * Level 3.5 Transmutations


You had 6 spell levels left.
You knew the following spells:

 Your Spells              Type           Power        Failure   Level  Hunger
a - Beastly Appendage     Tmut           ##....       5%          1    #......


Dungeon Overview and Level Annotations

Branches:
Dungeon (2/15)

Altars:
Hepliaklqana
The Shining One


Innate Abilities, Weirdness & Mutations

You cannot wear armour.
You are incapable of wielding weapons or throwing items.
Your paws allow you to move quietly. (Stealth)
You have sharp claws.
You have razor-sharp teeth.
You have supernaturally acute eyesight. (SInv)
You are carnivorous and can eat meat at any time.
You cover ground quickly.
You are covered in fur. (AC +1)
You have a slow metabolism.
Your sharp claws are effective at attacking unaware monsters.


Message History

The worm is lightly wounded.
The worm closely misses you.
You claw the worm!
The worm is moderately wounded.
You scratch the worm.
The worm is heavily wounded.
The worm misses you. The adder bites you.
* * * LOW HITPOINT WARNING * * *
You are too injured to fight recklessly!
You scratch the worm but do no damage.
The worm is heavily wounded.
The adder misses you. The worm misses you.
You scratch the worm.
The worm is heavily wounded.
The adder misses you.
You claw the worm!
The worm is almost dead.
The adder completely misses you. The worm bites you!
Ouch! That really hurt!
You die...

.# # .# #. .# #.#####.####
###.......... ## #...(...w.%#
.# .#....S@..## .#
...........# .# ...........#
## ...........#
#########.#.###(....#
....†.....#.####..###
.##########.#.....## .#
.............).......... .#
.######.#####.........#.#.#.#


You could see a worm and an adder.

Vanquished Creatures
  An adder (D:2)
  2 dart slugs (D:1)
  A giant cockroach (D:1)
  6 goblins
  3 hobgoblins (D:1)
  6 jackals (D:2)
  2 ball pythons (D:1)
  4 bats
  2 frilled lizards (D:1)
  5 kobolds
  2 rats (D:1)
34 creatures vanquished.

Notes
Turn   | Place    | Note
-------+----------+-------------------------------------------
     0 | D:1      | oplop the Felid Transmuter began the quest for the Orb.
     0 | D:1      | Reached XP level 1. HP: 9/9 MP: 4/4
   238 | D:1      | Reached XP level 2. HP: 11/12 MP: 6/6
   619 | D:1      | Reached XP level 3. HP: 12/15 MP: 7/7
  1046 | D:2      | Found a hazy altar of Hepliaklqana.
  1278 | D:2      | Found a glowing golden altar of the Shining One.
  1445 | D:2      | Slain by a worm

Skill      XL: |  1  2 |
---------------+-------+-----
Dodging        | 3 |  3.5
Transmutations | 3 |  3.5
Fighting       | |  1.0
Unarmed Combat | |  3.0
Spellcasting   | |  2.5

Action                   || total
-------------------------++-------
Melee: Unarmed           ||    91
       Bite              ||    11
       Headbutt          ||     7
 Cast: Beastly Appendage ||    10
 Stab: Sleeping          ||     5
  Eat: Chunk             ||     6
Armor: Skin              ||     7
Dodge: Dodged            ||    97
